 Dungeon Crawl Stone Soup version 0.19-a0-1193-g2641e52 (webtiles) character file.

9246 Geppetto the Spear-Bearer (level 11, -3/89 HPs)
             Began as a Demonspawn Gladiator on Aug 19, 2016.
             Was an Elder of Makhleb.
             Killed by Ozocubu's Refrigeration
             ... invoked by Fannar
              (12 damage)
             ... on level 10 of the Dungeon.
             The game lasted 00:38:30 (8818 turns).

Geppetto the Spear-Bearer (Demonspawn Gladiator)    Turns: 8818, Time: 00:38:31

Health: -3/89      AC: 23    Str: 16    XL:     11   Next: 20%
Magic:  18/18      EV: 10    Int: 13    God:    Makhleb [****..]
Gold:   1231       SH:  3    Dex: 16    Spells: 0 memorised, 10 levels left

rFire  + . .     SeeInvis +     s - +2 halberd
rCold  . . .     Gourm    .     x - +8 scale mail of the Six Spirits {rF+ rCorr Int+3}
rNeg   . . .     Faith    .     (shield currently unavailable)
rPois  +         Spirit   .     c - +0 helmet
rElec  .         Dismiss  .     w - +0 cloak
rCorr  +         Reflect  +     (no gloves)
MR     .....     Harm     .     m - +2 pair of boots
Stlth  ..........               l - +3 amulet of reflection
                                G - ring of see invisible
                                (no ring)

@: no status effects
A: claws 1, hooves 1, iridescent scales 2, demonic guardian 1, poison resistance
a: Minor Destruction, Lesser Servant of Makhleb, Major Destruction, Renounce
Religion


You were on level 10 of the Dungeon.
You worshipped Makhleb.
Makhleb was greatly pleased with you.
You were not hungry.

You visited 1 branch of the dungeon, and saw 10 of its levels.
You also visited: Bailey.

You collected 1483 gold pieces.
You spent 252 gold pieces at shops.

Inventory:

Hand Weapons
 s - a +2 halberd (weapon)
 u - a +1 trident of protection
Missiles
 d - 5 throwing nets (quivered)
Armour
 c - a +0 helmet (worn)
 m - a +2 pair of boots (worn)
 w - a +0 cloak (worn)
 x - the +8 scale mail of the Six Spirits (worn) {rF+ rCorr Int+3}
   (You found it on level 4 of the Dungeon)

   It affects your intelligence (+3).
   It protects you from fire.
   It protects you from acid and corrosion.
Jewellery
 l - a +3 amulet of reflection (around neck)
 r - an uncursed ring of fire
 y - an uncursed amulet of faith {unknown}
 G - a ring of see invisible (right claw)
Wands
 z - a wand of paralysis (12/24)
 F - a wand of paralysis (17/24)
 H - a wand of teleportation (3/9)
 L - a wand of lightning (9/15)
Scrolls
 p - 4 scrolls of remove curse
 C - a scroll of fog
 I - a scroll of torment {unknown}
 N - 2 scrolls of amnesia
 O - a scroll of magic mapping
Potions
 a - a potion of ambrosia {unknown}
 e - 3 potions of lignification
 g - 3 potions of flight
 h - a potion of curing {unknown}
 j - a potion of berserk rage {unknown}
 k - 6 potions of might
 n - a potion of invisibility
 o - 4 potions of brilliance {unknown}
 v - a potion of degeneration {unknown}
 B - a potion of cancellation {unknown}
 K - 2 potions of resistance {unknown}
Books
 t - a book of Geomancy

   Spells                             Type                      Level
   a - Sandblast                      Earth                        1
   b - Passwall                       Transmutation/Earth          2
   c - Stone Arrow                    Conjuration/Earth            3
   d - Petrify                        Transmutation/Earth          4
   e - Lee's Rapid Deconstruction     Earth                        5
 A - a book of Summonings

   Spells                             Type                      Level
   a - Recall                         Summoning/Translocation      3
   b - Aura of Abjuration             Summoning                    5
   c - Summon Demon                   Summoning                    5
   d - Summon Forest                  Summoning/Translocation      5
   e - Summon Mana Viper              Hexes/Summoning              5
   f - Shadow Creatures               Summoning                    6
 E - a book of Dreams

   Spells                             Type                      Level
   a - Ensorcelled Hibernation        Hexes/Ice                    2
   b - Silence                        Hexes/Air                    5
   c - Darkness                       Hexes                        6
   d - Shadow Creatures               Summoning                    6
Miscellaneous
 D - a fan of gales
Comestibles
 b - 3 beef jerkies
 f - 7 bread rations
 i - 7 meat rations
 q - 2 slices of pizza
 J - a royal jelly
 M - 14 chunks of flesh


   Skills:
 + Level 9.1 Fighting
 * Level 12.0 Polearms
 - Level 1.7 Throwing
 - Level 2.6 Dodging
 + Level 10.2 Invocations


You had 10 spell levels left.
You didn't know any spells.

Dungeon Overview and Level Annotations

Branches:
Dungeon (10/15)            Temple (0/1) D:5            Lair (0/6) D:10
    Orc: D:9-12

Altars:
Makhleb

Shops:
D:8 }   D:9 (

Annotations:
D:10 Fannar


Innate Abilities, Weirdness & Mutations

You have sharp fingernails.
You are mostly covered in iridescent scales. (AC +4)
A weak demonic guardian rushes to your aid.
You have large cloven feet.
Your system is resistant to poisons. (rPois)


Message History

Fannar drains the heat from the surrounding environment!
You feel very cold.
* * * LOW HITPOINT WARNING * * *
Your ynoxinul, your ufetubus, your smoke demon and Fannar are frozen.
Your ynoxinul resists.
Your ynoxinul is severely wounded.
Your ufetubus resists.
Your ufetubus dies!
Your smoke demon is heavily wounded.
Fannar resists.
Fannar is lightly wounded.
Your ynoxinul closely misses Fannar.
Fannar hits your ynoxinul with a staff of cold!
Fannar freezes your ynoxinul!
Your ynoxinul dies!
You swap places.
Fannar mumbles some strange words.
Fannar drains the heat from the surrounding environment!
You feel very cold.
You die...

#.....# ..>...# #.....#
#.....# #.....# #.....#
≈######
≈≈######################
≈≈≈.............@3.....#
≈≈≈.#################e##
≈≈≈.#<5YYe... .#
≈≈≈.######### .# ≈≈≈.#
.# ≈≈≈.# .# ≈≈≈.# .#
....# .#


You could see Fannar and a friendly smoke demon.

Vanquished Creatures
  2 hill giants (D:10)
  Pikel (D:9)
  An orc knight (Bailey)
  The ghost of Aquadorian the Cleaver, a novice MiFi of Okawaru (D:7)
  3 slime creatures (D:9)
  A wyvern (D:9)
  Sigmund (D:2)
  A spriggan (D:7)
  A hungry ghost (D:10)
  2 yaks (D:10)
  2 hippogriffs
  Menkaure (D:7)
  Edmund (D:5)
  2 orc warriors
  2 phantoms
  2 ice beasts
  5 sky beasts
  2 necrophages
  9 ogres
  A centaur (D:8)
  A crocodile (D:10)
  Blork the orc (D:5)
  3 giant frogs
  A scorpion (D:2)
  A water moccasin skeleton (D:4)
  A howler monkey (D:4)
  8 crimson imps
  A hound (D:5)
  A jelly (D:6)
  5 orc priests
  2 giant frog skeletons
  7 orc wizards
  5 worker ants
  2 worker ant zombies (D:8)
  2 gnolls (D:2)
  5 adders
  5 river rats (D:10)
  2 shadow imps
  A white imp (D:9)
  An ooze (D:2)
  An adder zombie (D:9)
  An adder skeleton (D:4)
  2 worms (D:4)
  4 giant geckos
  30 orcs
  2 ball pythons
  9 giant cockroaches
  7 hobgoblins
  25 jackals
  6 quokkas
  10 bats
  A giant gecko skeleton (D:7)
  A giant gecko zombie (D:5)
  5 giant newts
  16 goblins
  16 kobolds
  A quokka zombie (D:6)
  11 rats
244 creatures vanquished.

Vanquished Creatures (collateral kills)
  Erolcha (D:9)
  The ghost of Gagarin the Quickloader, a novice DDHu of Makhleb (Bailey)
  2 slime creatures (D:9)
  A two-headed ogre (D:10)
  3 yaks (D:10)
  A water moccasin (D:6)
  An orc warrior (Bailey)
  A wasp (D:10)
  A necrophage (D:10)
  2 centaurs
  A big kobold (D:10)
  A scorpion (D:10)
  A crimson imp (D:9)
  A river rat (D:10)
  A shadow imp (D:9)
  A white imp (D:9)
  2 orcs
  A bat (D:10)
  A goblin (D:9)
  A hobgoblin (Bailey)
  3 kobolds (Bailey)
  4 rats (D:10)
32 creatures vanquished.

Vanquished Creatures (others)
  2 slaves (D:9)
  A kobold (Bailey)
  15 fungi (D:10)
18 creatures vanquished.

Grand Total: 294 creatures vanquished

Notes
Turn   | Place    | Note
-------+----------+-------------------------------------------
     0 | D:1      | Geppetto the Demonspawn Gladiator began the quest for the Orb.
     0 | D:1      | Reached XP level 1. HP: 16/16 MP: 1/1
   130 | D:1      | Reached skill level 3 in Polearms
   144 | D:1      | Gained mutation: You are partially covered in iridescent scales. (AC +2) [demonic ancestry]
   144 | D:1      | Reached XP level 2. HP: 17/22 MP: 2/2
   512 | D:1      | Reached XP level 3. HP: 28/28 MP: 3/3
  1001 | D:2      | Noticed Sigmund
  1018 | D:2      | Killed Sigmund
  1018 | D:2      | Reached skill level 5 in Polearms
  1018 | D:2      | Reached XP level 4. HP: 35/35 MP: 4/4
  1018 | D:2      | Gained mutation: You are mostly covered in iridescent scales. (AC +4) [demonic ancestry]
  1018 | D:2      | Reached XP level 5. HP: 41/41 MP: 5/5
  1372 | D:2      | Found a burning altar of Makhleb.
  1378 | D:2      | Became a worshipper of Makhleb the Destroyer
  1585 | D:2      | Reached XP level 6. HP: 42/48 MP: 6/6
  1808 | D:3      | Reached skill level 1 in Invocations
  2265 | D:3      | Reached * piety under Makhleb
  2933 | D:4      | Reached skill level 6 in Polearms
  2933 | D:4      | Reached XP level 7. HP: 54/55 MP: 8/8
  3160 | D:4      | Got an agate-studded scale mail
  3171 | D:4      | Identified the +8 scale mail of the Six Spirits {rF+ rCorr Int+3} (You found it on level 4 of the Dungeon)
  3528 | D:4      | Reached skill level 5 in Fighting
  3528 | D:4      | Reached skill level 7 in Polearms
  3665 | D:5      | Entered Level 5 of the Dungeon
  3747 | D:5      | Found a staircase to the Ecumenical Temple.
  3775 | D:5      | Noticed Edmund
  3878 | D:5      | Noticed Blork the orc
  3896 | D:5      | Killed Blork the orc
  3896 | D:5      | Gained mutation: A weak demonic guardian rushes to your aid. [demonic ancestry]
  3896 | D:5      | Reached XP level 8. HP: 56/62 MP: 11/11
  4043 | D:5      | Reached ** piety under Makhleb
  4385 | D:5      | Killed Edmund
  4385 | D:5      | Reached skill level 5 in Invocations
  4528 | D:6      | Reached skill level 8 in Polearms
  4902 | D:6      | Reached XP level 9. HP: 53/69 MP: 13/13
  5199 | D:7      | Noticed Aquadorian's ghost (novice MiFi)
  5231 | D:7      | Killed Aquadorian's ghost
  5231 | D:7      | Reached skill level 9 in Polearms
  5594 | D:7      | Reached *** piety under Makhleb
  5939 | D:7      | Noticed Menkaure
  5944 | D:7      | Killed Menkaure
  5944 | D:7      | Reached skill level 10 in Polearms
  6433 | D:8      | Found Viptael's Gadget Boutique.
  6442 | D:8      | Bought a wand of teleportation (3/9) for 252 gold pieces
  6800 | D:8      | Gained mutation: You have sharp fingernails. [demonic ancestry]
  6800 | D:8      | Reached XP level 10. HP: 77/79 MP: 16/16
  6875 | D:9      | Found Plog's Weapon Shoppe.
  6875 | D:9      | Noticed Erolcha
  6881 | D:9      | Killed Erolcha
  6997 | D:9      | Found a flagged portal.
  7008 | Bailey   | Entered a bailey
  7017 | Bailey   | Noticed Gagarin's ghost (novice DDHu)
  7031 | Bailey   | Killed Gagarin's ghost
  7076 | Bailey   | Noticed an orc knight
  7087 | Bailey   | Killed an orc knight
  7103 | Bailey   | Found a burning altar of Makhleb.
  7220 | D:9      | Reached skill level 11 in Polearms
  7523 | D:9      | Noticed Pikel
  7550 | D:9      | Killed Pikel
  7738 | D:9      | Gained mutation: Your system is resistant to poisons. (rPois) [potion of beneficial mutation]
  7739 | D:9      | Gained mutation: You have large cloven feet. [potion of beneficial mutation]
  8074 | D:10     | Entered Level 10 of the Dungeon
  8074 | D:10     | Noticed Fannar
  8416 | D:10     | Noticed a hill giant
  8426 | D:10     | Killed a hill giant
  8464 | D:10     | Reached XP level 11. HP: 70/87 MP: 18/18
  8476 | D:10     | Reached skill level 10 in Invocations
  8565 | D:10     | Reached **** piety under Makhleb
  8649 | D:10     | Found a staircase to the Lair.
  8748 | D:10     | Noticed a hill giant
  8761 | D:10     | Killed a hill giant
  8761 | D:10     | Reached skill level 12 in Polearms
  8818 | D:10     | Killed from afar by Fannar

Vault maps used:
D:1:      roderic_octagonal_star
D:2:      wad_woods_tower, bloody_makhleb, uniq_sigmund
D:3:      first_bread
D:5:      uniq_blork_the_orc, uniq_edmund
D:7:      serial_park_tiny_pond, the_bakery, uniq_menkaure
D:8:      serial_shops, shop
D:9:      enter_bailey_3, serial_shops, shop, minmay_nine_imps, uniq_pikel,
          uniq_erolcha
D:10:     grunt_lair_entry_orc_guard_hut, hangedman_misty_isle, uniq_fannar
Bailey:   bailey_axe_3, bailey

Skill      XL: |  1  2  3  4  5  6  7  8  9 10 11 |
---------------+----------------------------------+-----
Polearms       | 3 5 6 7 8 10 11 12 | 12.0
Fighting       | 3 4 5 6 7 8 9 |  9.1
Invocations    | 2 4 6 8 9 10 | 10.2
Throwing       | |  1.7
Dodging        | |  2.6

Action                   |  1- 3 |  4- 6 |  7- 9 | 10-12 || total
-------------------------+-------+-------+-------+-------++-------
Melee: Trident           |   163 |    31 |       |       ||   194
       Halberd           |       |   150 |   294 |   237 ||   681
Invok: Minor Destruction |       |       |    96 |    79 ||   175
       Lesser Servant of |       |       |       |    15 ||    15
  Use: Scroll            |     7 |     4 |     4 |     4 ||    19
       Potion            |     1 |       |       |     2 ||     3
 Stab: Distracted        |     1 |       |     1 |     9 ||    11
  Eat: Chunk             |       |     7 |    13 |     7 ||    27
       Beef jerky        |       |       |       |     1 ||     1
Armor: Leather armour    |    38 |       |       |       ||    38
       Ring mail         |    10 |    72 |       |       ||    82
       Scale mail        |       |    15 |   135 |    69 ||   219
Dodge: Dodged            |   103 |   119 |    87 |    72 ||   381
Block: Other             |    10 |    20 |    31 |    12 ||    73
       Reflection        |     1 |       |       |     4 ||     5
